 Dungeon Crawl Stone Soup version 0.28.0 (webtiles) character file.

Game seed: 15857253276014446080

87 psuckher the Digger (level 4, 0/24 HPs)
             Began as a Gargoyle Earth Elementalist on Feb 15, 2022.
             Killed from afar by Natasha (10 damage)
             ... with a magic dart
             ... on level 2 of the Dungeon.
             The game lasted 00:11:11 (1595 turns).

psuckher the Digger (Gargoyle Earth Elementalist)   Turns: 1595, Time: 00:11:11

Health: 0/24       AC:  8    Str: 11    XL:     4   Next: 51%
Magic:  2/8        EV: 10    Int: 18    God:
Gold:   63         SH:  0    Dex: 10    Spells: 5/9 levels left

rFire   . . .      SeeInvis .   a - +0 short sword
rCold   . . .      Faith    .   (no shield)
rNeg    + . .      Spirit   .   d - +0 ring mail
rPois   ∞          Reflect  .   (no helmet)
rElec   +          Harm     .   (no cloak)
rCorr   .          Rampage  .   (no gloves)
Will    .....                   (no boots)
Stlth   +.........              (no amulet)
HPRegen 0.08/turn               (no ring)
MPRegen 0.11/turn               (no ring)

@: very slightly contaminated
A: sickness immunity, AC +3, negative energy resistance 1, electricity
resistance, torment resistance 1, petrification resistance
a: no special abilities


You were on level 2 of the Dungeon.
You visited 1 branch of the dungeon, and saw 2 of its levels.

You collected 63 gold pieces.

Inventory:

Hand Weapons
 a - a +0 short sword (weapon)
 i - a +0 dagger
Missiles
 c - 26 stones
 h - 3 datura-tipped darts
Armour
 b - a +0 robe
 d - a +0 ring mail (worn)
Scrolls
 g - 2 scrolls of identify
 k - a scroll of teleportation
Potions
 e - a potion of mutation {unknown}


   Skills:
 + Level 0.8 Fighting
 + Level 0.1 Short Blades
 + Level 2.0 Dodging
 + Level 2.2 Stealth
 + Level 0.4 Unarmed Combat
 * Level 3.0 Spellcasting
 + Level 0.7 Transmutations
 * Level 4.7 Earth Magic


You had 5 spell levels left.
You knew the following spells:

 Your Spells              Type           Power      Damage    Failure   Level
a - Sandblast             Erth           38%        2d10      6%          1
b - Passwall              Tmut/Erth      10%        N/A       21%         2
c - Summon Small Mammal   Summ           8%         N/A       36%         1

Your spell library contained the following spells:

 Spells                   Type           Power      Damage    Failure   Level
 Stone Arrow              Conj/Erth      22%        3d8       41%         3
 Call Canine Familiar     Summ           2%         N/A       75%         3
 Summon Guardian Golem    Hex/Summ       2%         N/A       75%         3
 Petrify                  Tmut/Erth      12%        N/A       78%         4
 Summon Forest            Summ/Tloc      1%         N/A       100%        5
 Eringya's Noxious Bog    Tmut/Pois      2%         N/A       100%        6
 Summon Hydra             Summ           1%         N/A       100%        7


Dungeon Overview and Level Annotations

Branches:
Dungeon (2/15)

Altars:

Annotations:
D:2 Natasha


Innate Abilities, Weirdness & Mutations

You are immune to sickness and miasma.
Your stone body is resilient. (AC +3)
You are immune to poison.
You resist negative energy. (rN+)
You are resistant to electric shocks. (rElec)
You are resistant to unholy torment.
You are immune to petrification.


Message History

You are very lightly contaminated with residual magic.
Nothing appears to happen.
Casting: Summon Small Mammal (safe; 36% risk of failure)
Confirm with . or Enter, or press ? or * to list all spells.
Natasha closely misses your bat.
Casting: Summon Small Mammal (safe; 36% risk of failure)
Confirm with . or Enter, or press ? or * to list all spells.
You miscast Summon Small Mammal.
Nothing appears to happen.
Your bat barely misses Natasha.
Natasha claws you but does no damage.
Casting: Summon Small Mammal (safe; 36% risk of failure)
Confirm with . or Enter, or press ? or * to list all spells.
Your bat closely misses Natasha.
Natasha barely misses you.
Casting: Summon Small Mammal (safe; 36% risk of failure)
Confirm with . or Enter, or press ? or * to list all spells.
Your rat disappears in a puff of smoke!
Your bat barely misses Natasha.
Natasha claws you.
Casting: Summon Small Mammal (safe; 36% risk of failure)
Confirm with . or Enter, or press ? or * to list all spells.
Your bat disappears in a puff of smoke!
Natasha claws you.
Your rat bites Natasha.
Aiming: Sandblast (safe; 6% risk of failure)
Press: ? - help, Q - select action, (/) - cycle Shift-Dir - straight line, f - Natasha
Aim: Natasha (moderately wounded, spells empowered, ally target, 74% to hit)
You miscast Sandblast.
Nothing appears to happen.
Natasha claws you.
Your rat barely misses Natasha.
Unknown command.
You hit Natasha but do no damage.
Natasha is moderately wounded.
Natasha claws you but does no damage.
Your rat bites Natasha but does no damage.
Your rat bites Natasha.
You barely miss Natasha.
Natasha is moderately wounded.
Natasha casts a spell at you. The magic dart hits you.
Your rat bites Natasha.
Your rat misses Natasha. You closely miss Natasha.
Natasha is heavily wounded.
Natasha stares at you and mumbles some strange words.
The magic dart hits you!
You die...

..# ..# #......#.!... ..#
#......#.... ..### #.....?#...
....# ##......... #.#.#
.......... #.#.# .........# .##.#
.....r.r.# ..... .#..# ......h@.#
#.... ...## $........# #.... ..)#
#######.## #....
...#############.############....
................(..........>#....
...#############.#.........<#....
............†...)................
#.........######........###......
#.........# ########## #.#....


You could see Natasha (empowered, ally target) and 2 friendly rats.

Vanquished Creatures
  Natasha (D:2)
  An adder (D:2)
  A gnoll (D:1)
  A worm (D:2)
  3 dart slugs
  4 ball pythons (D:1)
  3 endoplasms
  4 giant cockroaches
  3 goblins
  2 hobgoblins (D:1)
  A kobold (D:2)
  A quokka (D:2)
  4 bats
  4 frilled lizards
  2 rats
35 creatures vanquished.

Notes
Turn   | Place    | Note
-------+----------+-------------------------------------------
     0 | D:1      | psuckher the Gargoyle Earth Elementalist began the quest
                  | for the Orb.
     0 | D:1      | Reached XP level 1. HP: 10/10 MP: 3/3
   184 | D:1      | Found a faded altar of an unknown god.
   337 | D:1      | Reached XP level 2. HP: 15/16 MP: 1/5
   342 | D:1      | Reached skill level 4 in Earth Magic
   610 | D:1      | Learned a level 2 spell: Passwall
   787 | D:1      | Reached XP level 3. HP: 16/20 MP: 1/6
   881 | D:2      | Noticed Natasha
   889 | D:2      | Killed Natasha
   890 | D:2      | Reached XP level 4. HP: 17/24 MP: 5/8
  1450 | D:2      | Learned a level 1 spell: Summon Small Mammal
  1582 | D:2      | Noticed Natasha
  1595 | D:2      | Killed from afar by Natasha

Illustrated notes

Levels and vault maps discovered:
D:1:      wander_arrival_chamber, layout_loops_cross,
          dreamdust_ecumenical_altar_statues
D:2:      layout_basic, minmay_pentomino_s2, uniq_natasha

Skill      XL: |  1  2  3  4 |
---------------+-------------+-----
Earth Magic    | 4 |  4.7
Dodging        | 2 |  2.0
Spellcasting   | 3 |  3.0
Fighting       | |  0.8
Short Blades   | |  0.1
Stealth        | |  2.2
Unarmed Combat | |  0.4
Transmutations | |  0.7

Action                   |  1- 3 |  4- 6 || total
-------------------------+-------+-------++-------
Melee: Unarmed           |    50 |       ||    50
       Dagger            |    19 |       ||    19
       Punch             |     1 |       ||     1
       Short sword       |       |    30 ||    30
 Cast: Sandblast         |    18 |    10 ||    28
       Summon Small Mamm |       |    13 ||    13
  Use: Scroll            |       |     4 ||     4
       Potion            |       |     2 ||     2
Armor: Robe              |    26 |     5 ||    31
       Ring mail         |       |    13 ||    13
Dodge: Dodged            |    72 |    27 ||    99
